 Dungeon Crawl Stone Soup version 0.29.0-11-gd7f09526c8 (webtiles) character file.

Game seed: 2793215894058070450

240 robertstho the Ruffian (level 6, -5/32 HPs)
             Began as a Vine Stalker Berserker on Sept 2, 2022.
             Was a Believer of Trog.
             Splashed by a jelly's acid (9 damage)
             ... on level 4 of the Dungeon.
             The game lasted 00:04:08 (3056 turns).

robertstho the Ruffian (Vine Stalker Berserker)     Turns: 3056, Time: 00:04:10

Health: -5/32      AC:  0    Str: 21    XL:     6   Next: 8%
Magic:  0/7        EV:  8    Int:  7    God:    Trog [**....]
Gold:   170        SH:  0    Dex: 14    Spells: 5/5 levels left

rFire   . . .      SeeInvis .     - Unarmed
rCold   . . .      Faith    .   (no shield)
rNeg    . . .      Spirit   +   i - +0 chain mail
rPois   .          Reflect  .   (no helmet)
rElec   .          Harm     .   (no cloak)
rCorr   .          Rampage  .   (no gloves)
Will    .....                   (no boots)
Stlth   ..........              (no amulet)
HPRegen 0.90/turn               (no ring)
MPRegen 0.10/turn               (no ring)

@: corroded
A: fangs 2, regeneration 1, magic shield, antimagic bite, no potion heal 2
a: Renounce Religion, Berserk, Trog's Hand


You were on level 4 of the Dungeon.
You worshipped Trog.
Trog was pleased with you.
You visited 1 branch of the dungeon, and saw 4 of its levels.

You collected 170 gold pieces.

Inventory:

Armour
 i - a +0 chain mail (worn)
Jewellery
 k - a ring of poison resistance
 n - a ring of ice
Wands
 p - a wand of roots (7)
 r - a wand of charming (9)
Scrolls
 b - 4 scrolls of identify
 e - a scroll of magic mapping
 f - a scroll of poison {unknown}
 h - 3 scrolls of enchant weapon
 j - 2 scrolls of enchant armour {unknown}
 l - a scroll of butterflies {unknown}
Potions
 a - a potion of mutation {unknown}
 c - 2 potions of brilliance {unknown}
 d - a potion of berserk rage {unknown}
 g - 6 potions of curing {unknown}
 m - a potion of might {unknown}
 o - a potion of haste {unknown}
 q - a potion of flight {unknown}
 s - a potion of heal wounds {unknown}
 t - 2 potions of degeneration {unknown}


   Skills:
 * Level 3.6 Fighting
 * Level 2.6 Armour
 + Level 2.0 Dodging
 * Level 2.7 Stealth
 + Level 4.4 Unarmed Combat


You had 5 spell levels left.
You didn't know any spells.
Your spell library was empty.

Dungeon Overview and Level Annotations

Branches:
Dungeon (4/15)
 Temple: D:4-7

Altars:


Innate Abilities, Weirdness & Mutations

You have extremely sharp teeth.
Your natural rate of healing is unusually fast.
When hurt, damage is shared between your health and your magic reserves.
Your bite disrupts and absorbs the magic of your enemies.
Potions cannot restore your health.


Message History

Found a stone staircase leading down.
The jelly quivers.
You see here 2 blue potions.
t - 2 blue potions You hit the jelly but do no damage.
The acid corrodes you!
Your hands burn!
You bite the jelly, but do no damage. You hit the jelly but do no damage.
Your hands burn!
The jelly hits you but does no damage.
You hit the jelly.
Your hands burn!
You bite the jelly. You drain its power.
The jelly is moderately wounded.
You hear the slow rusting of a distant drain.
The jelly barely misses you.
You hit the jelly.
Your hands burn!
You bite the jelly. You drain its power.
The jelly is heavily wounded.
The jelly hits you but does no damage.
You hit the jelly.
Your hands burn!
You bite the jelly, but do no damage.
The jelly is almost dead.
The jelly hits you but does no damage.
You hit the jelly but do no damage. The acid corrodes you!
Your hands burn!
You bite the jelly, but do no damage.
The jelly is severely wounded.
The jelly hits you.
You are splashed with acid!
You completely miss the jelly. You bite the jelly. You drain its power.
You feel invigorated.
The jelly is almost dead.
The jelly closely misses you.
You hit the jelly but do no damage.
Your hands burn!
The jelly is almost dead.
The jelly closely misses you.
You barely miss the jelly. You bite the jelly, but do no damage.
The jelly is almost dead.
The jelly hits you.
You are splashed with acid!
* * * LOW HITPOINT WARNING * * *
You hit the jelly but do no damage.
Your hands burn!
* * * LOW HITPOINT WARNING * * *
The jelly is almost dead.
The jelly hits you.
* * * LOW HITPOINT WARNING * * *
You are splashed with acid!
You die...

#....#>#.. ...###. .........
#... .# ....... ........#
#.#.#.## ...... .........
#......# # .....##........
#......###.##.............
#................<........
........#.................
#...........#..J@.........
#...<.........$#.....###<.
#.............###...##
#.......#.......)...#
#....††###....#.#.....#
#......##.......#.###....
...............#..# ####
##...............######## ..
#........#.####.........##..


You could see a jelly.

Vanquished Creatures
  A hound (D:3)
  Natasha (twice) (D:2)
  Terence (D:2)
  An iguana (D:2)
  3 adders
  2 dart slugs
  2 orcs
  4 ball pythons
  6 bats
  3 endoplasms
  5 giant cockroaches
  7 goblins
  9 hobgoblins
  6 jackals
  12 kobolds
  3 quokkas
  5 frilled lizards
  3 rats
75 creatures vanquished.

Notes
Turn   | Place    | Note
-------+----------+-------------------------------------------
     0 | D:1      | robertstho the Vine Stalker Berserker began the quest for
                  | the Orb.
     0 | D:1      | Reached XP level 1. HP: 11/11 MP: 2/2
   288 | D:1      | Reached XP level 2. HP: 11/16 MP: 1/3
  1078 | D:1      | Reached XP level 3. HP: 15/20 MP: 4/4
  1215 | D:1      | Found a faded altar of an unknown god.
  1508 | D:2      | Reached skill level 1 in Stealth
  1592 | D:2      | Noticed Terence
  1597 | D:2      | Killed Terence
  1629 | D:2      | Gained mutation: Your natural rate of healing is unusually
                  | fast. [Vine Stalker growth]
  1629 | D:2      | Reached XP level 4. HP: 24/24 MP: 5/5
  1654 | D:2      | Noticed Natasha
  1665 | D:2      | Killed Natasha
  1672 | D:2      | Reached ** piety under Trog
  1854 | D:2      | Reached XP level 5. HP: 21/28 MP: 2/6
  2131 | D:2      | Noticed Natasha
  2137 | D:2      | Killed Natasha
  2138 | D:2      | Reached skill level 4 in Unarmed Combat
  2956 | D:4      | Reached XP level 6. HP: 32/32 MP: 7/7
  3056 | D:4      | Splashed by a jelly's acid

Illustrated notes

Levels and vault maps discovered:
D:1:      psy_arrival_radial02, layout_basic, chequers_ecumenical_altar_lobes,
          minmay_tetromino_t4
D:2:      minmay_door_path, layout_loops_ring, uniq_natasha, uniq_terence
D:3:      cheibrodos_helix_gallery, layout_basic, minmay_misc_feat_secret_circle
D:4:      layout_rooms, portal_sewer_entry_c

Skill      XL: |  1  2  3  4  5 |
---------------+----------------+-----
Fighting       | 3 |  3.6
Stealth        | 1 2 |  2.7
Armour         | 2 |  2.6
Dodging        | 2 |  2.0
Unarmed Combat | 4 |  4.4

Action                   |  1- 3 |  4- 6 || total
-------------------------+-------+-------++-------
Melee: Unarmed           |    69 |   136 ||   205
       Bite              |    21 |    34 ||    55
       Punch             |     1 |     1 ||     2
Invok: Berserk           |     2 |     2 ||     4
  Use: Scroll            |     2 |       ||     2
 Stab: Sleeping          |     1 |       ||     1
Armor: Animal skin       |     8 |       ||     8
       Scale mail        |     3 |       ||     3
       Chain mail        |     5 |    70 ||    75
Dodge: Dodged            |    41 |    58 ||    99
